AoeStats
← ANDREEVICH

Black Forest

510144779Analyzed
4v4 RM · 4d ago on Sep 29, 2026· 67m 26s· 8 players
Game mode
Random Map
Map size
Large (8 player)
Population
200
Speed
Normal
Resources
Standard
Victory
Conquest
Starting age
Dark Age
Ending age
Imperial Age
RankedLock teamsTeams togetherTeam positionsShared explorationLock speedFull tech treeHidden civsTurbo modeCheats
Victory
Defeat
🇹🇼 Huns · Taiwan
756
+16
🇧🇷 Romans · Brazil
756
+16
🇨🇳 Chinese · China
736
+17
🇨🇱 Persians · Chile
719
+17
🇬🇧 Franks · United Kingdom
772
-18
🇷🇺 Ethiopians · Russia
767
-17
🇺🇸 Cumans · United States
732
-16
🇸🇰 Danes · Slovakia
724
-15
iKalakamalaka
13:49 Feudal Age
15:00 Double-Bit Axe
15:32 Gold Mining
16:26 Wheelbarrow
16:28 Loom
18:26 Fishing Lines
25:52 Stone Mining
26:42 Town Watch
29:31 Castle Age
28:33 Forging
28:24 Scale Mail Armor
28:30 Scale Barding Armor
30:06 Gillnets
31:30 Bow Saw
31:59 Gold Shaft Mining
32:34 Hand Cart
32:05 Town Watch
32:36 Arson
32:54 Squires
32:16 Pikeman
33:42 Caravan
36:02 Iron Casting
35:42 Chain Mail Armor
35:48 Chain Barding Armor
35:19 Fletching
35:30 Padded Archer Armor
36:01 Steppe Husbandry
38:37 Imperial Age
36:06 Horse Collar
36:48 Thumb Ring
36:56 Bloodlines
36:25 Capped Ram
38:29 Town Patrol
39:47 Parthian Tactics
39:22 Murder Holes
39:51 Ballistics
40:31 Chemistry
39:42 Masonry
39:28 Murder Holes
40:17 Conscription
39:27 Elite Kipchak
39:50 Halberdier
41:43 Siege Ram
42:16 Elite Skirmisher
44:56 Hoardings
44:22 Cuman Mercenaries
48:04 Bodkin Arrow
48:45 Plate Barding Armor
49:10 Blast Furnace
48:41 Plate Mail Armor
56:37 Padded Archer Armor
56:39 Heavy Plow
57:43 Two-Man Saw
58:14 Fervor
58:05 Atonement
58:26 Sanctity
Busonada-2017
0:36 Loom
12:41 Feudal Age
16:28 Castle Age
16:11 Wheelbarrow
17:46 Double-Bit Axe
26:06 Hand Cart
30:16 Imperial Age
28:54 Padded Archer Armor
28:55 Scale Mail Armor
28:46 Fletching
29:09 Forging
29:03 Horse Collar
30:34 Fishing Lines
31:41 Gold Mining
31:41 Stone Mining
31:54 Heavy Plow
33:16 Gold Shaft Mining
32:47 Gillnets
33:57 Bow Saw
37:07 Stone Shaft Mining
36:57 Ballistics
37:38 Chemistry
36:29 Heated Shot
36:35 Murder Holes
37:25 Onager
37:39 Hamask
37:40 Elite Jomsviking
37:41 Northmen's Fury
40:14 Leather Archer Armor
39:54 Bodkin Arrow
40:35 Iron Casting
40:16 Chain Mail Armor
39:30 Siege Onager
39:33 Heavy Scorpion
40:48 Conscription
40:15 Elite Varangian Guard
40:40 Arson
40:56 Squires
40:41 Gambesons
40:18 Man-at-Arms
41:17 Pikeman
43:32 Halberdier
43:33 Long Swordsman
44:06 Two-Handed Swordsman
45:21 Capped Ram
46:03 Champion
47:25 Plate Mail Armor
47:56 Blast Furnace
46:57 Bracer
47:27 Ring Archer Armor
47:03 Scale Barding Armor
47:46 Caravan
48:16 Coinage
49:41 Siege Ram
51:31 Banking
61:00 Medium Warships
61:16 Chain Barding Armor
lewiswilsonmma
0:38 Loom
15:02 Feudal Age
16:29 Double-Bit Axe
23:38 Castle Age
23:24 Stone Mining
26:23 Town Watch
27:01 Fletching
27:52 Wheelbarrow
27:53 Bow Saw
29:38 Town Patrol
29:46 Bodkin Arrow
30:34 Hand Cart
32:28 Scale Barding Armor
33:58 Chain Barding Armor
35:20 Husbandry
38:53 Pikeman
40:12 Gold Mining
40:50 Caravan
41:07 Forging
43:18 Gold Shaft Mining
45:44 Imperial Age
43:50 Ordonnance Companies
45:15 Scale Mail Armor
45:50 Iron Casting
46:48 Conscription
47:00 Cavalier
48:31 Hoardings
49:03 Plate Barding Armor
49:29 Blast Furnace
49:04 Paladin
51:42 Ballistics
52:23 Chemistry
51:05 Treadmill Crane
51:37 Masonry
51:24 Murder Holes
54:16 Elite Throwing Axeman
54:41 Elite Skirmisher
58:10 Halberdier
58:51 Squires
58:20 Man-at-Arms
58:49 Man-at-Arms
59:17 Gambesons
59:52 Long Swordsman
60:40 Light Cavalry
62:17 Chain Mail Armor
63:02 Blast Furnace
ANDREEVICH
15:52 Feudal Age
16:20 Double-Bit Axe
16:18 Fishing Lines
18:10 Gold Mining
21:28 Wheelbarrow
25:40 Castle Age
28:13 Gold Shaft Mining
28:04 Fletching
28:09 Gillnets
29:57 Stone Mining
30:13 Squires
29:58 Arson
31:01 Hand Cart
31:00 Bow Saw
30:59 Bodkin Arrow
31:09 Caravan
34:05 Forging
33:56 Scale Mail Armor
33:46 Town Watch
38:34 Imperial Age
37:44 Iron Casting
37:26 Horse Collar
39:26 Chain Mail Armor
38:36 Halberdier
39:58 Conscription
40:19 Heavy Plow
42:17 Blast Furnace
44:47 Plate Mail Armor
45:21 Royal Heirs
46:27 Murder Holes
46:44 Fortified Wall
46:45 Masonry
52:01 Architecture
52:48 Bracer
53:44 Torsion Engines
55:23 Husbandry
55:52 Elite Shotel Warrior
picoegato
11:07 Feudal Age
11:55 Town Watch
15:08 Double-Bit Axe
16:59 Gold Mining
16:59 Stone Mining
19:33 Wheelbarrow
24:55 Forging
24:45 Scale Mail Armor
25:03 Horse Collar
27:29 Castle Age
26:06 Stone Mining
26:18 Padded Archer Armor
25:42 Man-at-Arms
28:19 Hand Cart
28:27 Bow Saw
29:11 Gold Shaft Mining
32:44 Stone Shaft Mining
32:28 Heavy Plow
32:30 Town Patrol
33:07 Iron Casting
32:48 Chain Mail Armor
32:48 Leather Archer Armor
32:39 Scale Barding Armor
38:12 Scale Barding Armor
37:58 Fletching
40:41 Imperial Age
39:50 Pikeman
40:30 Squires
40:49 Kamandaran
42:57 Husbandry
43:14 Cavalier
44:49 Crop Rotation
44:00 Man-at-Arms
44:25 Gambesons
45:00 Savar
60:20 Heavy Camel Rider
| LEON | SAPULHA
0:34 Loom
13:32 Feudal Age
18:40 Castle Age
23:24 Gold Mining
23:26 Stone Mining
23:20 Fishing Lines
23:54 Double-Bit Axe
25:32 Gillnets
27:15 Pikeman
27:57 Squires
30:24 Gold Shaft Mining
33:57 Imperial Age
33:00 Fervor
34:09 Wheelbarrow
35:22 Conscription
35:49 Halberdier
35:50 Man-at-Arms
36:51 Horse Collar
37:26 Bow Saw
36:49 Heavy Scorpion
37:45 Long Swordsman
38:59 Scale Mail Armor
39:09 Forging
40:46 Fortified Wall
41:37 Chemistry
40:59 Ballistics
41:58 Legionary
43:06 Chain Mail Armor
43:27 Iron Casting
44:33 Cavalier
45:14 Husbandry
45:24 Bloodlines
46:28 Blast Furnace
45:54 Town Watch
46:24 Hand Cart
48:07 Comitatenses
51:02 Ballistas
54:32 Caravan
56:05 Light Cavalry
57:38 Scale Barding Armor
aaaaa
1:09 Loom
16:11 Feudal Age
25:26 Double-Bit Axe
29:24 Castle Age
28:45 Stone Mining
28:46 Gold Mining
30:36 Husbandry
30:47 Bloodlines
30:03 Pikeman
30:43 Squires
32:46 Fishing Lines
33:34 Scale Mail Armor
34:13 Gillnets
36:17 Wheelbarrow
35:28 Town Watch
39:39 Gold Shaft Mining
39:12 Scale Barding Armor
39:24 Chain Mail Armor
39:20 Forging
39:54 Caravan
46:22 Imperial Age
44:11 Hand Cart
43:58 Town Patrol
44:53 Marauders
45:15 Chain Barding Armor
45:31 Iron Casting
46:24 Cavalier
46:25 Light Cavalry
46:27 Halberdier
46:52 Arson
46:28 Man-at-Arms
47:45 Plate Barding Armor
48:12 Blast Furnace
49:31 Bow Saw
50:01 Coinage
49:42 Guilds
50:06 Horse Collar
53:04 Long Swordsman
55:34 Two-Man Saw
55:22 Banking
54:25 Paladin
55:00 Hussar
59:36 Two-Handed Swordsman
64:28 Two-Handed Swordsman
67:23 Heavy Plow
863111034
13:35 Feudal Age
15:00 Double-Bit Axe
20:53 Castle Age
19:15 Loom
20:31 Bloodlines
22:08 Gold Mining
24:12 Husbandry
25:37 Scale Barding Armor
35:30 Imperial Age
34:39 Wheelbarrow
35:33 Padded Archer Armor
35:25 Fletching
37:12 Pikeman
38:57 Cavalier
39:43 Squires
41:34 Hand Cart
41:57 Gold Shaft Mining
41:42 Leather Archer Armor
41:23 Bodkin Arrow
41:54 Halberdier
43:50 Elite Chu Ko Nu
46:11 Ring Archer Armor
45:37 Bodkin Arrow
49:04 Bracer
49:15 Forging
49:06 Scale Mail Armor
51:24 Great Wall
52:29 Caravan
56:01 Chemistry
54:51 Elite Skirmisher
56:46 Ballistics
56:12 Capped Ram
58:05 Bow Saw
57:44 Horse Collar
58:44 Thumb Ring
58:36 Arson
Connection lost

Rejoining the realm…

Still unreachable

The connection could not be restored.

Session expired

The server has moved on; the page needs a fresh start.